[ AOE2 MATCH · #462781117 ]
UnrankedKhmer vs Hindustanis
[ REPLAY ANALYSIS · EXTRACTED FROM THE RECORDED GAME ]
Feudal
—
Castle
—
Imperial
—
| APM avg | 7.0 |
| APM peak | 17 |
| eAPM avg | 5.5 |
| Villagers / military | 12 / 0 |
Focus
⚔️ 0.0% · 🌾 100.0%
Feudal
—
Castle
—
Imperial
—
| APM avg | 12.3 |
| APM peak | 22 |
| eAPM avg | 9.3 |
| Villagers / military | 17 / 0 |
Focus
⚔️ 0.0% · 🌾 100.0%
Feudal
—
Castle
—
Imperial
—
| APM avg | 5.2 |
| APM peak | 15 |
| eAPM avg | 3.7 |
| Villagers / military | 7 / 0 |
Focus
⚔️ 0.0% · 🌾 100.0%
Feudal
—
Castle
—
Imperial
—
| APM avg | 17.8 |
| APM peak | 26 |
| eAPM avg | 11.1 |
| Villagers / military | 14 / 0 |
Focus
⚔️ 7.5% · 🌾 92.5%
Feudal
—
Castle
—
Imperial
—
| APM avg | 20.7 |
| APM peak | 28 |
| eAPM avg | 12.5 |
| Villagers / military | 23 / 0 |
Focus
⚔️ 0.0% · 🌾 100.0%
Feudal
—
Castle
—
Imperial
—
| APM avg | 22.5 |
| APM peak | 30 |
| eAPM avg | 9.3 |
| Villagers / military | 24 / 0 |
Focus
⚔️ 2.2% · 🌾 97.8%
Match map
Initial resources + every placement click. Lines = walls · curves = elevation contours. ◆ gold · ⬟ stone · ● berries · ✦ relic · ◌ wall gap
Inputs per minute
— IsaacNewton - - marvin
Build order — IsaacNewton
20 actions detected in the replay
| 0:22 | Research | Loom |
| 0:23 | Create | Villager (Male) |
| 0:23 | Create | Villager (Male) |
| 0:24 | Create | Villager (Male) |
| 0:24 | Create | Villager (Male) |
| 0:57 | Create | Villager (Male) |
| 1:44 | Build | House |
| 1:46 | Build | House |
| 1:47 | Build | House |
| 1:48 | Build | House |
| 1:49 | Build | House |
| 2:02 | Create | Villager (Male) |
| 2:03 | Create | Villager (Male) |
| 2:44 | Create | Villager (Male) |
| 2:44 | Create | Villager (Male) |
| 3:35 | Build | Lumber Camp |
| 3:45 | Create | Villager (Male) |
| 3:46 | Create | Villager (Male) |
| 3:46 | Create | Villager (Male) |
| 3:55 | Build | Mill |
Build order — marvin
24 actions detected in the replay
| 0:01 | Create | Villager (Male) |
| 0:02 | Create | Villager (Male) |
| 0:02 | Create | Villager (Male) |
| 0:02 | Create | Villager (Male) |
| 0:14 | Build | Lumber Camp |
| 0:37 | Build | House |
| 0:38 | Build | House |
| 0:39 | Build | House |
| 1:02 | Create | Villager (Male) |
| 1:27 | Create | Villager (Male) |
| 1:58 | Create | Villager (Male) |
| 2:12 | Build | Mining Camp |
| 2:44 | Build | Mill |
| 3:05 | Create | Villager (Male) |
| 3:05 | Create | Villager (Male) |
| 3:26 | Create | Villager (Male) |
| 3:43 | Build | Mill |
| 4:14 | Create | Villager (Male) |
| 4:40 | Create | Villager (Male) |
| 4:41 | Create | Villager (Male) |
| 5:13 | Create | Villager (Male) |
| 5:13 | Create | Villager (Male) |
| 5:14 | Create | Villager (Male) |
| 5:14 | Create | Villager (Male) |
Build order — Michelin723
11 actions detected in the replay
| 0:54 | Build | House |
| 0:57 | Build | House |
| 0:58 | Build | House |
| 1:38 | Research | Loom |
| 1:40 | Create | Villager (Male) |
| 1:41 | Create | Villager (Male) |
| 1:41 | Create | Villager (Male) |
| 1:41 | Create | Villager (Male) |
| 1:42 | Create | Villager (Male) |
| 1:42 | Create | Villager (Male) |
| 1:42 | Create | Villager (Male) |
Build order — P4Roberto
19 actions detected in the replay
| 0:01 | Create | Villager (Male) |
| 0:01 | Create | Villager (Male) |
| 0:01 | Create | Villager (Male) |
| 0:02 | Create | Villager (Male) |
| 0:29 | Build | Lumber Camp |
| 0:45 | Build | House |
| 1:09 | Create | Villager (Male) |
| 1:22 | Create | Villager (Male) |
| 2:05 | Create | Villager (Male) ×2 |
| 2:37 | Build | Mill |
| 2:57 | Create | Villager (Male) |
| 3:18 | Build | House |
| 3:33 | Create | Villager (Male) |
| 4:05 | Create | Villager (Male) |
| 4:49 | Create | Villager (Male) |
| 4:49 | Create | Villager (Male) |
| 5:15 | Build | Farm |
| 5:17 | Build | Farm |
| 5:29 | Create | Villager (Male) |
Build order — Flipslips
30 actions detected in the replay
| 0:03 | Create | Villager (Male) |
| 0:03 | Create | Villager (Male) |
| 0:03 | Create | Villager (Male) |
| 0:04 | Create | Villager (Male) |
| 0:25 | Build | Lumber Camp |
| 1:24 | Build | House |
| 1:24 | Build | House |
| 1:42 | Create | Villager (Male) |
| 1:42 | Create | Villager (Male) |
| 1:43 | Create | Villager (Male) |
| 1:48 | Build | Mill |
| 2:41 | Create | Villager (Male) |
| 2:42 | Create | Villager (Male) |
| 2:42 | Create | Villager (Male) |
| 2:49 | Create | Villager (Male) |
| 2:50 | Create | Villager (Male) |
| 3:09 | Create | Villager (Male) |
| 3:09 | Create | Villager (Male) |
| 3:41 | Build | Farm |
| 3:45 | Create | Villager (Male) |
| 3:46 | Create | Villager (Male) |
| 3:58 | Build | Farm |
| 4:15 | Build | Lumber Camp |
| 4:16 | Create | Villager (Male) |
| 4:16 | Create | Villager (Male) |
| 4:58 | Create | Villager (Male) |
| 4:59 | Create | Villager (Male) |
| 4:59 | Create | Villager (Male) |
| 4:59 | Create | Villager (Male) |
| 5:17 | Create | Villager (Male) |
Build order — danconfused
29 actions detected in the replay
| 0:05 | Create | Villager (Male) |
| 0:05 | Create | Villager (Male) |
| 0:06 | Create | Villager (Male) |
| 0:26 | Build | House |
| 0:27 | Build | House |
| 0:34 | Create | Villager (Male) |
| 0:34 | Create | Villager (Male) |
| 1:08 | Create | Villager (Male) |
| 1:14 | Build | House |
| 1:34 | Create | Villager (Male) |
| 1:35 | Create | Villager (Male) |
| 1:35 | Create | Villager (Male) |
| 1:35 | Create | Villager (Male) |
| 2:14 | Create | Villager (Male) |
| 2:14 | Create | Villager (Male) |
| 2:15 | Create | Villager (Male) |
| 2:15 | Create | Villager (Male) |
| 2:26 | Build | Lumber Camp |
| 2:44 | Create | Villager (Male) |
| 2:44 | Create | Villager (Male) |
| 2:45 | Create | Villager (Male) |
| 3:09 | Create | Villager (Male) |
| 3:10 | Create | Villager (Male) |
| 3:56 | Create | Villager (Male) |
| 3:56 | Create | Villager (Male) |
| 3:57 | Create | Villager (Male) |
| 3:57 | Create | Villager (Male) |
| 3:57 | Create | Villager (Male) |
| 4:52 | Build | Mill |
Match timeline
| 4:48 | Michelin723 · resign |
[ AI ANALYSIS · 1 CREDIT ]
What really happened in this match?
Wolo.gg analyzes every decision: build order, eco, micro, common mistakes by bracket. Personalized analysis on WhatsApp or Discord in 30 seconds.
Civ guide
Khmer
Map guide
Michi
Perfil
IsaacNewton